Map: Ley Lines

Players

Zoun - Winner!

  • Race: Protoss Protoss
  • League: Master
  • Spawn Location: 1:00

Moja

  • Race: Terran Terran
  • League: Grandmaster
  • Spawn Location: 7:00

Event: HomeStory Cup XXVII

VOD

Have the link to the VOD?

Description

Time

  • Played on: June 28, 2025, 7:22 a.m.
  • Length: 6:35

All games in this series

Show
View Real Time Build Order
Export as new Build Order

Zoun Protoss - Winner!

Build Orders: 1 Gate Expand, Phoenix Opening, Blink Stalkers 

Get SALT Encoding   

  12  0:00  Probe  
  13  0:12  Probe  
  14  0:17  Pylon  
  14  0:24  Probe  
  15  0:32  Probe  
  15  0:36  Gateway  
  15  0:40  Probe  
  16  0:46  Assimilator  
  17  0:51  Probe  
  18  1:03  Probe  
  19  1:15  Probe  
  20  1:26  Nexus  
  20  1:35  Cybernetics Core, Probe  
  20  1:39  Assimilator  
  21  1:47  Probe  
  21  1:50  Pylon  
  22  1:59  Probe, Stalker  
  23  2:11  Probe  
  23  2:12  Warp Gate  
  26  2:23  Probe  
  26  2:28  Phoenix, Sentry  
  29  2:35  Probe x2  
  30  2:40  Shield Battery  
  31  2:45  Probe, Twilight Council  
  31  2:47  Probe  
  31  2:50  Stalker  
  33  2:57  Probe  
  36  2:59  Probe  
  36  3:03  Blink  
  37  3:06  Gateway  
  37  3:09  Probe  
  38  3:13  Probe  
  39  3:21  Probe  
  39  3:25  Probe  
  41  3:32  Gateway  
  41  3:35  Pylon  
  41  3:36  Probe  
  42  3:43  Probe  
  43  3:51  Probe  
  44  3:57  Robotics Facility  
  44  4:00  Probe, Stalker x2  
  49  4:03  Probe  
  49  4:05  Assimilator  
  49  4:06  Pylon  
  50  4:13  Probe  
  51  4:18  Probe  
  52  4:25  Stalker x2  
  54  4:33  Stalker  
  54  4:37  Probe, Nexus  
  57  4:39  Pylon, Probe  
  57  4:44  Observer  
  59  4:48  Pylon  
  59  4:49  Probe, Stalker  
  62  4:57  Probe  
  62  4:58  Stalker x2  
  67  5:01  Probe  
  68  5:09  Probe  
  68  5:12  Shield Battery  
  68  5:14  Probe  
  70  5:16  Robotics Bay  
  70  5:21  Probe  
  70  5:25  Stalker  
  70  5:26  Probe  
  74  5:30  Stalker  
  74  5:33  Probe  
  74  5:35  Stalker  
  77  5:38  Probe  
  75  5:45  Probe  
  75  5:49  Gateway x2  
  76  5:51  Probe  
  77  5:58  Forge, Probe  
  77  5:59  Probe  
  77  6:00  Gateway  
  77  6:03  Probe  
  80  6:10  Probe  
  83  6:14  Probe  
  78  6:21  Probe  
Show
View Real Time Build Order
Export as new Build Order

Moja Terran 

Build Orders: Reaper Expand 

Get SALT Encoding   

  12  0:00  SCV  
  13  0:12  SCV  
  14  0:16  Supply Depot  
  14  0:24  SCV  
  15  0:38  SCV  
  15  0:40  Barracks  
  16  0:44  Refinery  
  16  0:50  SCV  
  17  1:03  SCV  
  18  1:04  Engineering Bay  
  18  1:15  SCV  
  19  1:27  Orbital Command, Reaper  
  20  1:46  Command Center  
  20  1:53  SCV  
  21  2:00  Barracks Reactor  
  21  2:01  Supply Depot  
  21  2:05  SCV  
  22  2:09  Barracks  
  22  2:17  SCV  
  23  2:29  SCV  
  24  2:37  Command Center  
  24  2:38  Marine  
  24  2:40  Marine  
  24  2:41  SCV  
  27  2:54  SCV  
  27  2:55  Marine  
  27  2:58  Barracks Tech Lab, Marine  
  30  3:01  Orbital Command  
  30  3:06  SCV  
  31  3:17  Stimpack, Marine x2  
  31  3:18  Marine, SCV  
  35  3:20  Orbital Command  
  35  3:30  SCV  
  35  3:33  Barracks  
  36  3:35  Refinery, Marine  
  37  3:42  SCV  
  37  3:43  Marine x2  
  37  3:45  SCV  
  40  3:54  Marine  
  41  3:56  SCV  
  41  3:58  Orbital Command  
  41  4:01  Marine x2  
  43  4:04  SCV  
  43  4:11  SCV  
  43  4:12  Marine  
  43  4:16  SCV  
  44  4:19  Engineering Bay  
  44  4:21  Barracks Tech Lab  
  42  4:26  SCV x2  
  42  4:28  Marine x2, SCV  
  47  4:34  Factory  
  47  4:37  Marine  
  48  4:38  SCV x2  
  48  4:39  Combat Shield  
  48  4:40  SCV  
  48  4:45  Supply Depot, Marine  
  51  4:46  Marine  
  51  4:49  Marauder  
  51  4:52  Refinery, SCV x2  
  57  4:53  SCV  
  57  4:59  Concussive Shells  
  58  5:01  Marine  
  58  5:04  SCV x2  
  58  5:06  SCV  
  64  5:07  Marauder  
  64  5:09  Supply Depot  
  64  5:10  Marauder  
  64  5:12  Supply Depot, Marine  
  67  5:19  Starport  
  65  5:23  Marine  
  65  5:27  SCV x3  
  68  5:28  Marauder  
  68  5:30  Marine  
  68  5:32  Marauder  
  68  5:35  Factory Reactor  
  65  5:39  SCV  
  65  5:41  Marine  
  65  5:42  Bunker  
  60  5:44  SCV  
  60  5:45  SCV  
  60  5:48  Marine  
  60  5:49  Marauder  
  65  5:53  Marauder  
  62  5:57  SCV x2  
  62  5:58  Marine  
  62  6:00  Barracks  
  62  6:04  Refinery, Barracks  
  65  6:05  SCV  
  65  6:09  SCV  
  65  6:11  Marauder  
  65  6:12  SCV  
Tags
 
Add a new tag
Caveats
  • Supply blocks, unpowered buildings, or Contaminate may cause inaccurate times.
  • Supply counts are checked every 10 seconds.